 Dungeon Crawl Stone Soup version 0.30-a0-159-g068b764562 (webtiles) character file.

Game seed: 7262104727416162452

217 Sobieck the Caller (level 5, 0/24 HPs)
             Began as a Vine Stalker Summoner on Sept 27, 2022.
             Was an Initiate of Hepliaklqana.
             Succumbed to a killer bee's poison
             ... on level 5 of the Dungeon.
             The game lasted 00:09:39 (5506 turns).

Sobieck the Caller (Vine Stalker Summoner)          Turns: 5506, Time: 00:09:39

Health: 0/24       AC:  2    Str: 10    XL:     5   Next: 94%
Magic:  1/12       EV: 12    Int: 15    God:    Hepliaklqana [......]
Gold:   251        SH:  0    Dex: 17    Spells: 3/12 levels left

rFire   . . .      SeeInvis .    a - +0 dagger (venom) {short}
rCold   . . .      Faith    .    (no shield)
rNeg    . . .      Spirit   +    f - +0 robe
rPois   .          Reflect  .    (no helmet)
rElec   .          Harm     .    h - scarf {repulsion}
rCorr   .          Rampage  .    (no gloves)
Will    .....                    (no boots)
Stlth   ++........               (no amulet)
HPRegen 0.88/turn                (no ring)
MPRegen 0.13/turn                (no ring)

@: lethally poisoned (0 -> -3), repel missiles
A: fangs 2, regeneration 1, magic shield, antimagic bite, no potion heal 2
a: Renounce Religion


You were on level 5 of the Dungeon.
You worshipped Hepliaklqana.
Hepliaklqana was noncommittal.
You visited 2 branches of the dungeon, and saw 6 of its levels.

You collected 251 gold pieces.


Innate Abilities, Weirdness & Mutations

You have extremely sharp teeth.
Your natural rate of healing is unusually fast.
When hurt, damage is shared between your health and your magic reserves.
Your bite disrupts and absorbs the magic of your enemies.
Potions cannot restore your health.


   Skills:
 - Level 1.5 Dodging
 - Level 2.4 Stealth
 + Level 4.2 Spellcasting
 + Level 1.8 Hexes
 + Level 5.4 Summonings


You had 3 spell levels left.
You knew the following spells:

 Your Spells              Type           Power      Damage    Failure   Level
a - Call Imp              Summ           19%        N/A       2%          2
b - Summon Small Mammal   Summ           76%        N/A       1%          1
c - Call Canine Familiar  Summ           19%        N/A       5%          3
d - Summon Guardian Gole  Hex/Summ       14%        N/A       12%         3

Your spell library contained the following spells:

 Spells                   Type           Power      Damage    Failure   Level
 Blink                    Tloc           6%         N/A       26%         2
 Gell's Gravitas          Tloc           3%         N/A       47%         3
 Lesser Beckoning         Tloc           3%         N/A       47%         3
 Teleport Other           Tloc           3%         N/A       47%         3
 Summon Lightning Spire   Summ/Air       11%        N/A       50%         4
 Manifold Assault         Tloc           3%         N/A       87%         4
 Dispersal                Tloc           1%         N/A       100%        6

Inventory:

Hand Weapons
 a - a +0 dagger of venom (weapon) {short}
   (You took it off a goblin on level 1 of the Dungeon)
 n - a +0 dagger {short}
   (You took it off a goblin on level 1 of the Dungeon)
 H - a +0 rapier {short}
   (You found it on level 4 of the Dungeon)
Missiles
 c - 8 poisoned darts {throwing}
 e - 59 stones {throwing}
 x - 4 javelins {throwing}
 E - 4 atropa-tipped darts {throwing}
Armour
 d - a +0 leather armour
   (You found it on level 4 of the Dungeon)
 f - a +0 robe (worn)
 g - a +0 ring mail
   (You found it on level 1 of the Dungeon)
 h - a scarf of repulsion (worn)
   (You found it on level 1 of the Dungeon)
 l - a +0 scale mail
   (You found it on level 4 of the Dungeon)
 t - a +0 robe
   (You found it on level 2 of the Dungeon)
 v - a +0 ring mail
   (You found it on level 2 of the Dungeon)
 z - a +0 robe
   (You found it on level 3 of the Dungeon)
 F - a +0 ring mail
   (You found it on level 4 of the Dungeon)
 G - a +0 ring mail
   (You found it on level 4 of the Dungeon)
 I - a +0 chain mail
   (You took it off an orc on level 4 of the Dungeon)
 J - a +0 ring mail
   (You took it off an orc on level 4 of the Dungeon)
Magical Staves
 i - a staff of fire {!astaff}
   (You found it on level 1 of the Dungeon)
 o - a staff of air {!astaff}
   (You found it on level 1 of the Dungeon)
Jewellery
 j - a ring of poison resistance
   (You found it on level 1 of the Dungeon)
Wands
 k - a wand of roots (12)
   (You found it on level 4 of the Dungeon)
Scrolls
 q - a scroll of enchant armour {unknown}
 s - a scroll of magic mapping {unknown}
 w - 2 scrolls of fog
 y - a scroll of poison {unknown}
 A - 3 scrolls of identify {@r1}
 B - 2 scrolls of amnesia {unknown}
 L - a scroll of teleportation {@r4}
Potions
 b - 2 potions of magic
 m - 6 potions of curing {@q1}
 p - a potion of flight {unknown}
 r - 3 potions of brilliance {unknown}
 u - a potion of might {unknown}
 C - a potion of berserk rage {unknown}
 D - a potion of lignification {unknown}
 K - a potion of attraction {unknown}

Dungeon Overview and Level Annotations

Branches:
Dungeon (5/15) Zot: 24756  Temple (1/1) D:4 Zot: 5741

Altars:
Dithmenos
Elyvilon
Fedhas
Gozag
Hepliaklqana
Kikubaaqudgha
Makhleb
Nemelex Xobeh
Okawaru
Qazlal
Ru
Uskayaw
Vehumet
Xom
Yredelemnul
Zin

Shops:
D:3 ? D:4

: ..##.### .#.# ###.....# ...
..+..#.# .#. #.#.....####... .
#.#.♣.# #.♣ ⌠.#........... .
#..#.#.###.#♣## #..........?.
#..####.###.#.####....).......
#...##.⌠.###.⌠.##5...y......y.
#....##.#.###.##...........$..
#......#.....#.yy9...........y
##+###...###..@..yy...........
#####....################
#....'....... #....#.......
#....#####... ....#### . .....
...... ......


You could see 5 killer bees, a friendly guardian golem (summoned) and a friendly
crimson imp (summoned, sheltered).


Message History

Unknown command.
There is an iron altar of Okawaru here.
Found a glowing silver altar of Zin.
Unknown command.
There is a sparkling altar of Nemelex Xobeh here.
Found a radiant altar of Vehumet.
Unknown command.
There is a hide-covered altar of Uskayaw here.
There is a basalt altar of Yredelemnul here.
There is a staircase back to the Dungeon here.
Done exploring.
Done exploring.
Unknown command.
Unknown command.
Search for what [Enter for "short", or ? for help]? hep
There is an iron altar of Okawaru here.
There is a hazy altar of Hepliaklqana here.
You kneel at the altar of Hepliaklqana.
Hepliaklqana welcomes you!
(D) Dungeon (T) Temple
Where to? (Enter - Temple @ (x,y), ? - help)
There is a basalt altar of Yredelemnul here.
There is a staircase back to the Dungeon here.
You climb upwards.
Welcome back to the Dungeon!
There is a staircase to the Ecumenical Temple here.
Unknown command.
Unknown command.
Done exploring.
Unknown command.
Done exploring.
Unknown command.
There is a stone staircase leading down here.
You climb downwards.
There is a stone staircase leading up here.
Unknown command.
Unknown command.
Unknown command.
Unknown command.
You open the door.
There is an open door here.
K - a murky dark potion Unknown command.
L - a scroll of teleportation {@r4} Unknown command.
m - 6 potions of curing {@q1} (gained 2)
You open the door.
There is an open door here.
You now have 251 gold pieces (gained 10). 2 killer bees come into view.
The killer bee buzzes angrily. x2; You hear an angry buzzing noise.
A killer bee comes into view. x2
Danger!
A killer bee comes into view.
Casting: Call Canine Familiar (quite dangerous; 5% risk of failure)
Confirm with . or Enter, or press ? or * to list all spells.
A beastly little devil appears in a puff of flame.
The killer bee buzzes angrily.
The killer bee misses you. The killer bee stings you.
The killer bee misses you. The killer bee barely misses you.
Casting: Call Imp (safe; 2% risk of failure)
Confirm with . or Enter, or press ? or * to list all spells.
The killer bee completely misses you. x2
Your crimson imp blinks!
The killer bee barely misses you. The killer bee stings you.
Casting: Summon Small Mammal (safe; 1% risk of failure)
Confirm with . or Enter, or press ? or * to list all spells.
The killer bee stings you!
* * * LOW HITPOINT WARNING * * *
The killer bee closely misses you. x2; The killer bee barely misses you.
Unknown command.
Unknown command.
Casting: Summon Small Mammal (safe; 1% risk of failure)
Confirm with . or Enter, or press ? or * to list all spells.
The spell is quite dangerous to miscast (12% risk of failure)!
Continue anyway?
A guardian golem appears, shielding your allies.
The killer bee barely misses you. The killer bee stings you!
* * * LOW HITPOINT WARNING * * *
The killer bee stings your rat.
Your rat is poisoned.
The killer bee poisons your rat!
Your rat bites the killer bee.
The killer bee stings your rat.
Your rat dies!
Your rat's corpse disappears in a puff of smoke!
Unknown command.
You swap places.
The killer bee stings your rat.
Your rat dies!
Your rat's corpse disappears in a puff of smoke!
The killer bee stings your guardian golem.
The killer bee stings your guardian golem but does no damage. x2
The killer bee stings you.
* * * LOW HITPOINT WARNING * * *
You are lethally poisoned!
The killer bee poisons you!
The killer bee attacks as you move away!
The killer bee stings you.
* * * LOW HITPOINT WARNING * * *
x2 You feel very sick.
The killer bee stings your guardian golem but does no damage.
Unknown command.
You die...

Skill      XL: |  1  2  3  4 |
---------------+-------------+-----
Spellcasting   | 3 4 |  4.2
Summonings     | 5 |  5.4
Hexes          | 1 |  1.8
Dodging        | |  1.5
Stealth        | |  2.4

Action                   |  1- 3 |  4- 6 || total
-------------------------+-------+-------++-------
Melee: Unarmed           |     7 |       ||     7
       Dagger            |    52 |    43 ||    95
       Bite              |    19 |    15 ||    34
       Punch             |     1 |       ||     1
 Cast: Summon Small Mamm |    48 |    22 ||    70
       Call Imp          |    15 |    11 ||    26
       Call Canine Famil |       |     3 ||     3
       Summon Guardian G |       |     1 ||     1
  Use: Scroll            |       |     5 ||     5
 Stab: Distracted        |     1 |     1 ||     2
       Sleeping          |     4 |     2 ||     6
Armor: Robe              |    22 |     2 ||    24
Dodge: Dodged            |    39 |    38 ||    77
       Repelled          |       |     2 ||     2

Levels and vault maps discovered:
D:1:      minmay_arrival_open_corners, layout_basic,
          hellmonk_ecumenical_altar_heavens_door, minmay_misc_feat_rugged
D:2:      layout_basic, minmay_hedge_maze, roderic_lattice_a,
          minmay_goblin_kobold_house
D:3:      layout_basic, lemuel_crystal_altar, serial_shops,
          nicolae_shop_competitors_out_of_business
D:4:      layout_basic, lightli_temple_of_fire, lemuel_temple_firewalk_b,
          serial_shops, nicolae_diamond_shop
D:5:      layout_gridville, mainiacjoe_overflow_catwalk, cheibriados_altar_1,
          grunt_decor_mini_mirrors
Temple:   eino_narrow_crystal_temple

Notes
Turn   | Place    | Note
-------+----------+-------------------------------------------
     0 | D:1      | Sobieck the Vine Stalker Summoner began the quest for the
                  | Orb.
     0 | D:1      | Reached XP level 1. HP: 9/9 MP: 4/4
   232 | D:1      | HP: 1/9 [ball python (2)]
   237 | D:1      | Reached XP level 2. HP: 3/13 MP: 0/6
   845 | D:1      | Learned a level 2 spell: Call Imp
   941 | D:1      | Found a faded altar of an unknown god.
  1256 | D:1      | Reached XP level 3. HP: 16/16 MP: 6/8
  1409 | D:2      | Reached skill level 3 in Spellcasting
  1444 | D:2      | You pick up a book of Spatial Translocations and begin
                  | reading...
  1444 | D:2      | You add the spells Blink, Lesser Beckoning and Manifold
                  | Assault to your library.
  1449 | D:2      | Learned a level 3 spell: Call Canine Familiar
  2971 | D:2      | Gained mutation: Your natural rate of healing is unusually
                  | fast. [Vine Stalker growth]
  2971 | D:2      | Reached XP level 4. HP: 21/21 MP: 10/10
  3322 | D:3      | Learned a level 3 spell: Summon Guardian Golem
  3879 | D:3      | Reached skill level 5 in Summonings
  3977 | D:3      | Found Aje Suo's Magic Scroll Shoppe.
  4056 | D:3      | Found a shimmering altar of Xom.
  4087 | D:3      | You add the spells Gell's Gravitas, Teleport Other and
                  | Dispersal to your library.
  4287 | D:4      | Noticed an ogre
  4423 | D:4      | Noticed an ogre
  4433 | D:4      | Killed an ogre
  4434 | D:4      | Reached skill level 4 in Spellcasting
  4434 | D:4      | Reached skill level 1 in Hexes
  4434 | D:4      | Reached XP level 5. HP: 24/24 MP: 4/12
  4525 | D:4      | Found Foic's Book Emporium.
  4911 | D:4      | Killed an ogre
  5057 | D:4      | Found a burning altar of Makhleb.
  5133 | D:4      | Found a staircase to the Ecumenical Temple.
  5142 | Temple   | Entered the Ecumenical Temple
  5385 | Temple   | Became a worshipper of Hepliaklqana the Forgotten
  5441 | D:5      | Entered Level 5 of the Dungeon
  5502 | D:5      | HP: 6/24 [killer bee (7)]
  5505 | D:5      | HP: 1/24 [poisoned by a killer bee]
  5506 | D:5      | Succumbed to a killer bee's poison

Vanquished Creatures
  An iguana (D:4)
  An adder (D:3)
  2 worms
  2 dart slugs
  2 orcs (D:4)
  3 ball pythons
  4 endoplasms
  2 giant cockroaches
  6 goblins
  6 hobgoblins
  A quokka (D:2)
  3 bats
  3 frilled lizards
  6 kobolds
  7 rats
49 creatures vanquished.

Vanquished Creatures (collateral kills)
  An ogre (D:4)
  An adder (D:4)
  2 worms (D:2)
  3 orcs (D:4)
  4 ball pythons
  A bat (D:1)
  An endoplasm (D:2)
  A giant cockroach (D:2)
  2 goblins
  A hobgoblin (D:2)
  A frilled lizard (D:1)
  4 kobolds
  3 rats (D:1)
25 creatures vanquished.

Vanquished Creatures (others)
  An ogre (D:4)
1 creature vanquished.

Grand Total: 75 creatures vanquished

Table legend:
 A = Non-vault XP
 B = Vault XP
 C = Vault XP percentage of total XP
 D = Non-vault monster count
 E = Vault monster count
 F = Vault count percentage of total count
                 A         B        C        D         E       F
            +---------+---------+-------+---------+---------+-------
      Total |     307 |       4 |   1.3 |      70 |       4 |   5.4
            +---------+---------+-------+---------+---------+-------
        D:1 |      36 |       0 |   0.0 |      24 |       0 |   0.0
        D:2 |      47 |       4 |   7.8 |      21 |       4 |  16.0
        D:3 |      38 |       0 |   0.0 |      14 |       0 |   0.0
        D:4 |     186 |       0 |   0.0 |      11 |       0 |   0.0
            +---------+---------+-------+---------+---------+-------

Illustrated notes

Table legend:
 A = Kills in this place as a percentage of kills in entire the game.
 B = Kills by you in this place as a percentage of kills by you in the entire game.
 C = Kills by friends in this place as a percentage of kills by friends in the entire game.
 D = Other kills in this place as a percentage of other kills in the entire game.
 E = Experience gained in this place as a percentage of experience gained in the entire game.
 F = Experience gained in this place divided by the number of levels of this place that you have seen.
                   A       B       C       D       E      F
               +-------+-------+-------+-------+-------+----------------------
         Total | 100.0 | 100.0 | 100.0 |   N/A | 100.0 |  51.8
       Dungeon | 100.0 | 100.0 | 100.0 |   N/A | 100.0 |  62.2
               +-------+-------+-------+-------+-------+----------------------

Table legend: (Time is in decaauts)
 A = Elapsed time spent in this place.
 B = Non-inter-level travel time spent in this place.
 C = Inter-level travel time spent in this place.
 D = Time resting spent in this place.
 E = Time spent auto-exploring this place.
 F = Levels seen in this place.
 G = Mean time per level.
                   A        B        C        D        E       F      G
               +--------+--------+--------+--------+--------+-----+--------+
         Total |   5502 |   5147 |    355 |    323 |   4165 |   6 |  917.0 |
       Dungeon |   5243 |   4929 |    314 |    323 |   3956 |   5 | 1048.6 |
        Temple |    258 |    217 |     41 |      0 |    209 |   1 |  258.0 |
               +--------+--------+--------+--------+--------+-----+--------+

Top non-repeatable levels by time:
     D:2: 1862 daAuts
     D:1: 1393 daAuts
     D:3: 1038 daAuts
     D:4: 883 daAuts
  Temple: 258 daAuts
     D:5: 64 daAuts
